AoeStats
← Green Assassin

Nomad

509727009Analyzed
4v4 RM · 3d ago on Sep 27, 2026· 49m 17s· 8 players
Game mode
Random Map
Map size
231×231
Population
200
Speed
Normal
Resources
Standard
Victory
Conquest
Starting age
Dark Age
Ending age
Imperial Age
RankedLock teamsTeams togetherTeam positionsShared explorationLock speedFull tech treeHidden civsTurbo modeCheats
Victory
Defeat
🇧🇷 Vietnamese · Brazil
1352
+14
🇧🇷 Tatars · Brazil
1334
+15
🇦🇺 Saracens · Australia
1265
+18
🇨🇳 Koreans · China
1257
+19
🇳🇴 Varangians · Norway
1330
-17
🇺🇸 Danes · United States
1314
-17
🇩🇪 Berbers · Germany
1307
-16
🇵🇦 Persians · Panama
1296
-16
Queens_StoneAge
4:15 Loom
14:01 Feudal Age
15:22 Double-Bit Axe
16:45 Town Watch
19:04 Castle Age
16:52 Town Watch
17:48 Fishing Lines
18:42 Stone Mining
23:23 Gold Mining
24:12 Stone Shaft Mining
25:02 Horse Collar
26:46 Wheelbarrow
27:39 Arson
28:05 Squires
27:51 Gambesons
31:59 Imperial Age
30:50 Forging
30:44 Scale Mail Armor
32:06 Elite Longship
34:57 Fletching
36:20 Clinker Construction
36:33 Careening
39:03 Onager
39:51 Northmen's Fury
41:53 Gold Shaft Mining
45:12 Chemistry
Green Assassin
3:04 Loom
13:31 Feudal Age
16:46 Fletching
19:16 Castle Age
17:46 Double-Bit Axe
19:18 Wheelbarrow
20:44 Bodkin Arrow
21:17 Bloodlines
22:06 Husbandry
25:35 Padded Archer Armor
25:59 Ballistics
28:25 Bow Saw
31:24 Horse Collar
34:41 Leather Archer Armor
34:45 Kasbah
36:11 Fishing Lines
39:56 Imperial Age
40:02 Elite Camel Archer
40:48 Bracer
41:24 Ring Archer Armor
42:02 Chemistry
41:48 Maghrebi Camels
42:08 Conscription
43:35 Thumb Ring
45:00 Elite Genitour
York
5:16 Loom
13:47 Feudal Age
14:11 Double-Bit Axe
17:29 Fletching
21:29 Castle Age
20:55 Horse Collar
22:23 Medium Warships
22:22 Bodkin Arrow
23:13 Bow Saw
28:47 Gold Mining
29:24 Heavy Plow
34:12 Wheelbarrow
34:03 Murder Holes
34:24 Scale Barding Armor
34:07 Town Watch
36:38 Hand Cart
36:59 Town Patrol
38:46 Chain Barding Armor
38:40 Husbandry
39:21 Gold Shaft Mining
39:25 Forging
40:13 Bloodlines
40:37 Masonry
43:46 Iron Casting
46:10 Imperial Age
47:01 Conscription
46:41 Cavalier
48:12 Plate Barding Armor
49:18 Blast Furnace
Noob
4:42 Loom
14:31 Feudal Age
16:07 Fletching
20:46 Castle Age
20:28 Horse Collar
22:51 Scale Mail Armor
28:09 Double-Bit Axe
33:42 Bodkin Arrow
36:36 Wheelbarrow
Karzul
4:38 Loom
15:06 Feudal Age
19:29 Castle Age
17:37 Double-Bit Axe
22:06 Forging
23:55 Medium Warships
24:23 Fletching
24:44 Bow Saw
24:15 Horse Collar
25:29 Wheelbarrow
24:47 Fishing Lines
26:39 Bodkin Arrow
29:18 Padded Archer Armor
31:33 Ballistics
34:03 Imperial Age
32:31 Heavy Plow
32:22 Gold Mining
33:08 Hand Cart
32:39 Town Watch
33:44 Leather Archer Armor
34:29 Stone Mining
34:55 Bracer
37:15 Chemistry
36:52 Scale Barding Armor
38:58 Chain Barding Armor
39:14 Iron Casting
39:49 Chatras
40:25 Plate Barding Armor
40:41 Bloodlines
40:31 Husbandry
39:52 Elite Battle Elephant
41:22 Crop Rotation
40:54 Elite Rattan Archer
41:57 Paper Money
44:57 Ring Archer Armor
47:10 Two-Man Saw
46:24 Masonry
dionathanbh
5:47 Loom
14:56 Feudal Age
16:45 Wheelbarrow
20:15 Castle Age
19:21 Fletching
19:48 Double-Bit Axe
20:21 Gold Mining
21:51 Wheelbarrow
22:34 Bodkin Arrow
24:46 Bow Saw
25:13 Gold Shaft Mining
25:45 Ballistics
29:11 Padded Archer Armor
29:13 Husbandry
29:24 Bloodlines
38:44 Leather Archer Armor
43:28 Imperial Age
41:16 Hand Cart
42:04 Town Watch
42:03 Horse Collar
44:09 Silk Armor
43:33 Heavy Cavalry Archer
45:19 Chemistry
44:23 Bracer
44:53 Ring Archer Armor
野 人
4:52 Loom
14:08 Feudal Age
18:33 Castle Age
16:30 Double-Bit Axe
20:09 Gold Mining
22:17 Bow Saw
23:17 Horse Collar
24:43 Heavy Plow
27:05 Wheelbarrow
26:18 Town Watch
30:16 Imperial Age
28:12 Stone Mining
28:39 Fletching
29:37 Bodkin Arrow
29:43 Murder Holes
29:31 Treadmill Crane
30:20 Hand Cart
32:15 Chemistry
31:49 Ballistics
32:32 Stone Shaft Mining
32:33 Gold Shaft Mining
31:31 Elite War Wagon
32:32 Conscription
33:16 Bracer
35:54 Two-Man Saw
36:32 Arrowslits
36:55 Siege Engineers
36:37 Arrowslits
36:49 Murder Holes
37:05 Masonry
37:51 Town Patrol
38:35 Fortified Wall
38:46 Elite Cannon Galleon
40:57 Architecture
41:10 Guilds
43:28 Husbandry
SweatyPenguin
12:59 Feudal Age
17:01 Castle Age
16:29 Fletching
17:13 Double-Bit Axe
17:33 Crossbowman
24:38 Bodkin Arrow
24:44 Loom
25:08 Elite Skirmisher
26:25 Horse Collar
30:26 Town Watch
32:36 Padded Archer Armor
36:56 Ballistics
38:03 Leather Archer Armor
42:46 Wheelbarrow
42:28 Thumb Ring
46:57 Bow Saw
51:44 Imperial Age
49:34 Gold Mining
49:36 Stone Mining
Connection lost

Rejoining the realm…

Still unreachable

The connection could not be restored.

Session expired

The server has moved on; the page needs a fresh start.